 Dungeon Crawl Stone Soup version 0.28-a0-1387-g3a22ab9bdc (webtiles) character file.

Game seed: 14655080465090583106

1808 vineage the Fighter (level 9, -1/62 HPs)
             Began as a Gargoyle Fighter on Jan 2, 2022.
             Slain by a jelly (2 damage)
             ... on level 6 of the Dungeon.
             The game lasted 00:07:42 (6932 turns).

vineage the Fighter (Gargoyle Fighter)              Turns: 6932, Time: 00:07:43

Health: -1/62      AC: -1    Str: 20    XL:     9   Next: 10%
Magic:  9/9        EV:  9    Int: 12    God:
Gold:   146        SH:  5    Dex: 13    Spells: 8/8 levels left

rFire   . . .      SeeInvis +   d - +2 short sword (venom)
rCold   . . .      Faith    .   c - +0 buckler
rNeg    + . .      Spirit   .   b - +0 scale mail
rPois   ∞          Reflect  .   (no helmet)
rElec   +          Harm     .   (no cloak)
rCorr   .          Rampage  .   (no gloves)
Will    .....                   (no boots)
Stlth   ..........              (no amulet)
HPRegen 0.20/turn               p - ring "Anul" {Wiz Int+3 SInv}
MPRegen 0.11/turn               (no ring)

@: corroded
A: sickness immunity, AC +6, negative energy resistance 1, electricity
resistance, torment resistance 1, petrification resistance
a: no special abilities


You were on level 6 of the Dungeon.
You visited 1 branch of the dungeon, and saw 6 of its levels.

You collected 291 gold pieces.
You spent 145 gold pieces at shops.

Inventory:

Hand Weapons
 a - a +0 flail
 d - a +2 short sword of venom (weapon)
 h - a +3 dagger of venom
Armour
 b - a +0 scale mail (worn)
 c - a +0 buckler (worn)
 e - an orb of wrath
Jewellery
 p - the ring "Anul" (left hand) {Wiz Int+3 SInv}
   (You bought it in a shop on level 1 of the Dungeon)

   [ring of wizardry]

   It improves your spell success rate.
   Int:       It affects your intelligence (+3).
   SInv:      It lets you see invisible.
 r - a +4 ring of protection
Scrolls
 j - a scroll of amnesia
 k - 2 scrolls of identify
 l - 3 scrolls of noise
Potions
 f - a potion of attraction
 g - a potion of flight
 i - a potion of cancellation


   Skills:
 - Level 10.1 Fighting
 - Level 2.0 Maces & Flails
 + Level 6.6 Armour
 + Level 6.6 Shields


You had 8 spell levels left.
You didn't know any spells.
Your spell library contained the following spells:

 Spells                   Type           Power      Damage    Failure   Level
 Freeze                   Ice            0%         1d3       32%         1
 Magic Dart               Conj           0%         1d3       32%         1
 Searing Ray              Conj           0%         2d4       45%         2
 Wereblood                Tmut           0%         N/A       45%         2
 Frozen Ramparts          Ice            0%         1d2       67%         3
 Ozocubu's Armour         Ice            0%         N/A       67%         3
 Fulminant Prism          Conj/Hex       0%         3d6       96%         4
 Hailstorm                Conj/Ice       0%         3d3       96%         4
 Metabolic Englaciation   Hex/Ice        0%         N/A       100%        5
 Simulacrum               Ice/Necr       0%         N/A       100%        6
 Summon Hydra             Summ           0%         N/A       100%        7
 Sublimation of Blood     Necr           Unusable   N/A       N/A         2

Dungeon Overview and Level Annotations

Branches:
Dungeon (6/15)
 Temple: D:4-7

Altars:
Elyvilon
Makhleb
Nemelex Xobeh
Qazlal
Ru
Uskayaw
Yredelemnul

Shops:
D:1 ?*??*   D:4 *


Innate Abilities, Weirdness & Mutations

You are immune to sickness and miasma.
Your stone body is resilient. (AC +6)
You are immune to poison.
You resist negative energy. (rN+)
You are resistant to electric shocks. (rElec)
You are resistant to unholy torment.
You are immune to petrification.


Message History

The hound bites you. The jelly barely misses you. The hound bites you.
You hit the jelly but do no damage.
Your hands burn!
The jelly is lightly wounded.
The hound bites you.
The hound pauses to sniff the ground.
The jelly hits you.
You are splashed with acid.
The howler monkey hoots and howls with incredible vigour!
The hound bites you but does no damage.
Okay, then.
You are confused.
You feel invigorated. The jelly hits you.
You are splashed with acid!
The hound bites you but does no damage.
You bump into the stone wall.
The hound bites you. The jelly hits you but does no damage.
The hound bites you.
You hit the jelly but do no damage.
Your hands burn!
The jelly is moderately wounded.
You feel less invigorated.
You feel less confused. The hound closely misses you.
The jelly closely misses you.
The howler monkey hoots and howls with incredible vigour!
You hit the jelly.
Your hands burn!
The jelly is heavily wounded.
The hound bites you. The jelly hits you.
You are splashed with acid!
* * * LOW HITPOINT WARNING * * *
The hound barely misses you.
You hit the jelly. The acid corrodes you!
Your hands burn!
* * * LOW HITPOINT WARNING * * *
The jelly is severely wounded.
The hound bites you but does no damage. You block the jelly's attack.
The hound bites you but does no damage. The jelly hits you.
* * * LOW HITPOINT WARNING * * *
You are splashed with acid!
* * * LOW HITPOINT WARNING * * *
You hit the jelly but do no damage. The acid corrodes you!
Your hands burn!
* * * LOW HITPOINT WARNING * * *
The jelly is severely wounded.
The hound bites you.
* * * LOW HITPOINT WARNING * * *
The jelly hits you.
You die...

#.##!....#
##.)<##
##..#######
#..........
##oh####### ##5#
#h# #h# #@# #J#
#.# #.# ##.##
##...## #.....#
####....##
..........######


You could see a howler monkey, 2 hounds, a jelly (poisoned), an orc and an
ufetubus.

Vanquished Creatures
  Grinder (D:5)
  Sigmund (D:4)
  Menkaure (D:5)
  A sky beast (D:5)
  2 ice beasts
  A necrophage (D:5)
  An ogre (D:6)
  A wyvern zombie (D:6)
  2 scorpions (D:5)
  A water moccasin skeleton (D:5)
  A vampire bat (D:3)
  A howler monkey (D:6)
  An orc priest (D:3)
  4 hounds
  A bullfrog skeleton (D:4)
  3 iguanas (D:5)
  Terence (D:3)
  A hound skeleton (D:4)
  Robin (D:2)
  A howler monkey skeleton (D:4)
  8 adders
  6 gnolls
  An adder skeleton (D:4)
  2 worms (D:2)
  A dart slug (D:4)
  9 orcs
  10 ball pythons
  15 bats
  11 endoplasms
  4 giant cockroaches
  16 goblins
  7 hobgoblins
  9 jackals
  2 quokkas
  5 frilled lizards
  A goblin zombie (D:5)
  7 kobolds
  A quokka zombie (D:5)
  9 rats
151 creatures vanquished.

Vanquished Creatures (others)
  13 plants
13 creatures vanquished.

Grand Total: 164 creatures vanquished

Notes
Turn   | Place    | Note
-------+----------+-------------------------------------------
     0 | D:1      | vineage the Gargoyle Fighter began the quest for the Orb.
     0 | D:1      | Reached XP level 1. HP: 14/14 MP: 1/1
   263 | D:1      | Reached XP level 2. HP: 20/20 MP: 2/2
   264 | D:1      | Reached skill level 4 in Fighting
   340 | D:1      | Found Adotwous's Magic Scroll Shop.
   593 | D:1      | Found a faded altar of an unknown god.
   624 | D:1      | Found Ynusobb's Magic Scroll Boutique.
   688 | D:1      | Found Ugguyvia's Assorted Antiques.
   693 | D:1      | Reached XP level 3. HP: 21/24 MP: 3/3
   746 | D:1      | Found Barequ's Magic Scroll Emporium.
   889 | D:1      | Found Hobuot's General Store.
  1188 | D:2      | Reached skill level 5 in Fighting
  1450 | D:2      | Noticed Robin
  1502 | D:2      | Reached XP level 4. HP: 28/31 MP: 4/4
  1530 | D:2      | Killed Robin
  1862 | D:2      | Identified the +0 leather armour of Melancholy {rPois rF+
                  | Slay-5}
  2384 | D:3      | Reached skill level 6 in Fighting
  2384 | D:3      | Reached XP level 5. HP: 26/36 MP: 5/5
  2689 | D:3      | Noticed Terence
  2700 | D:3      | Killed Terence
  3060 | D:3      | Reached skill level 7 in Fighting
  3101 | D:3      | Reached XP level 6. HP: 44/44 MP: 6/6
  3898 | D:3      | Found a sacrificial altar of Ru.
  4102 | D:4      | Noticed an ice beast
  4145 | D:4      | HP: 2/44 [ice beast (9)]
  4149 | D:4      | Killed an ice beast
  4150 | D:4      | Reached skill level 8 in Fighting
  4150 | D:4      | Reached XP level 7. HP: 20/50 MP: 7/7
  4291 | D:4      | Noticed Sigmund
  4320 | D:4      | Killed Sigmund
  4321 | D:4      | Reached skill level 9 in Fighting
  4546 | D:4      | Found Gintur's Elemental Accessories.
  5089 | D:1      | Bought a glittering gossamer ring for 145 gold pieces
  5089 | D:1      | Identified the ring "Anul" {Wiz Int+3 SInv} (You bought it
                  | in a shop on level 1 of the Dungeon)
  5129 | D:5      | Entered Level 5 of the Dungeon
  5141 | D:5      | Found a burning altar of Makhleb.
  5150 | D:5      | Reached skill level 10 in Fighting
  5262 | D:5      | Found a sparkling altar of Nemelex Xobeh.
  5292 | D:5      | Found a stormy altar of Qazlal.
  5293 | D:5      | Noticed a fire elemental
  5295 | D:5      | Noticed an air elemental
  5296 | D:5      | Noticed a water elemental
  5329 | D:5      | Noticed Menkaure
  5350 | D:5      | Reached XP level 8. HP: 51/57 MP: 8/8
  5538 | D:5      | Found a hide-covered altar of Uskayaw.
  5680 | D:5      | Noticed Grinder
  5701 | D:5      | Paralysed by Grinder for 4 turns
  5702 | D:5      | Killed Grinder
  5800 | D:5      | Reached skill level 5 in Armour
  5800 | D:5      | Reached skill level 5 in Shields
  5814 | D:5      | Found a white marble altar of Elyvilon.
  5963 | D:5      | Killed Menkaure
  6103 | D:5      | Found a basalt altar of Yredelemnul.
  6657 | D:6      | Reached XP level 9. HP: 16/62 MP: 9/9
  6932 | D:6      | HP: 1/62 [hound (3)]
  6932 | D:6      | Slain by a jelly

Illustrated notes

Levels and vault maps discovered:
D:1:      onia_arrival_pyramid, layout_basic, serial_shops, shop_fountains,
          nicolae_shop_statue_plus, nicolae_shop_overgrown_old_shop,
          nicolae_shop_stone, nicolae_shop_temple_entry_statues_fountains,
          shapermc_ecumenical_altar_acropolis, st_stairs_7
D:2:      layout_loops_ring, kennysheep_boxes, uniq_robin
D:3:      minmay_door_path, layout_basic, nicolae_ru_the_path_less_chosen,
          corexii_corridor_pit, st_stairs_7, roderic_batcave,
          lemuel_old_faithful, uniq_terence
D:4:      minmay_spotlight, layout_rooms, nicolae_elemental_shop,
          kennysheep_dice, uniq_sigmund
D:5:      layout_loops_ring, nicolae_overflow_crystal_walls,
          nicolae_qazlal_style_of_elements, mainiacjoe_overflow_cross_hatched,
          nicolae_elyvilon_temple_path, jmf_multi_god_temple, enter_ossuary_4,
          kennysheep_generic_room_3, uniq_menkaure, uniq_grinder
D:6:      lemuel_castle_with_subvaults [lemuel_castle_interior_carwin_3],
          layout_loops_corners, minmay_misc_feat_square,
          hangedman_decor_slide_cut, serial_bayou_pond_a, supply_closet_lemuel,
          minmay_chambers_of_fives

Skill      XL: |  1  2  3  4  5  6  7  8 |
---------------+-------------------------+-----
Fighting       | 4 5 6 7 8 10 | 10.1
Armour         | 6 |  6.6
Shields        | 6 |  6.6
Maces & Flails | |  2.0

Action                   |  1- 3 |  4- 6 |  7- 9 || total
-------------------------+-------+-------+-------++-------
Melee: Flail             |   133 |   109 |       ||   242
       Dagger            |       |   159 |   174 ||   333
       Short sword       |       |       |    52 ||    52
  Use: Potion            |     1 |     3 |     3 ||     7
       Scroll            |     2 |     5 |     3 ||    10
Armor: Scale mail        |    87 |   165 |   114 ||   366
Dodge: Dodged            |    75 |   150 |    96 ||   321
Block: Buckler           |    37 |    61 |    57 ||   155

Table legend: (Time is in decaauts)
 A = Elapsed time spent in this place.
 B = Non-inter-level travel time spent in this place.
 C = Inter-level travel time spent in this place.
 D = Time resting spent in this place.
 E = Time spent auto-exploring this place.
 F = Levels seen in this place.
 G = Mean time per level.
                   A        B        C        D        E       F      G
               +--------+--------+--------+--------+--------+-----+--------+
         Total |   7025 |   6777 |    248 |   1297 |   4268 |   6 | 1170.8 |
       Dungeon |   7025 |   6777 |    248 |   1297 |   4268 |   6 | 1170.8 |
               +--------+--------+--------+--------+--------+-----+--------+

Top non-repeatable levels by time:
     D:2: 1725 daAuts
     D:5: 1485 daAuts
     D:3: 1391 daAuts
     D:4: 1132 daAuts
     D:1: 968 daAuts
     D:6: 322 daAuts
